AoeStats
← leox

MegaRandom

510143262Analyzed
2v2 RM · 4d ago on Sep 29, 2026· 67m 39s· 4 players
Game mode
Random Map
Map size
Medium (4 player)
Population
200
Speed
Normal
Resources
Standard
Victory
Conquest
Starting age
Dark Age
Ending age
Imperial Age
RankedLock teamsTeams togetherTeam positionsShared explorationLock speedFull tech treeHidden civsTurbo modeCheats
Victory
Defeat
🇩🇪 Malay · Germany
1378
+16
🇩🇪 Vietnamese · Germany
1374
+17
🇬🇧 Saxons · United Kingdom
1389
-16
🇸🇪 Varangians · Sweden
1388
-17
leox
3:47 Loom
11:42 Feudal Age
15:48 Castle Age
13:46 Horse Collar
13:53 Double-Bit Axe
16:48 Scale Barding Armor
22:14 Husbandry
23:02 Wheelbarrow
23:27 Forging
34:06 Imperial Age
32:19 Fletching
32:54 Elite Battle Elephant
34:38 Chemistry
34:19 Hand Cart
34:28 Medium Warships
35:29 Iron Casting
35:23 Bow Saw
35:58 Conscription
36:06 Heavy Plow
37:21 Blast Furnace
44:29 Gold Mining
45:36 Pikeman
46:17 Squires
46:59 Forced Levy
47:41 Clinker Construction
47:14 Halberdier
47:15 Man-at-Arms
47:24 Crossbowman
48:11 Thumb Ring
48:25 Arson
49:41 Ballistics
49:32 Masonry
48:48 Long Swordsman
48:59 Arbalester
49:36 Two-Handed Swordsman
50:22 Bodkin Arrow
50:28 Padded Archer Armor
51:50 Crop Rotation
52:49 Bracer
55:48 Siege Engineers
59:24 Elite Cannon Galleon
68:33 Leather Archer Armor
suzn
8:32 Loom
10:48 Feudal Age
15:38 Castle Age
14:39 Double-Bit Axe
15:05 Horse Collar
15:22 Gold Mining
22:12 Fletching
25:21 Padded Archer Armor
27:01 Bow Saw
27:29 Thumb Ring
27:00 Crossbowman
27:48 Bodkin Arrow
28:30 Ballistics
28:58 Wheelbarrow
30:24 Hand Cart
31:45 Town Watch
34:52 Imperial Age
33:17 Leather Archer Armor
33:20 Bloodlines
34:36 Husbandry
36:51 Bracer
37:22 Ring Archer Armor
38:15 Two-Man Saw
37:55 Heavy Cavalry Archer
51:19 Fortified Wall
52:38 Heavy Plow
53:15 Light Cavalry
57:08 Forging
57:04 Scale Barding Armor
Viciousplum
8:38 Loom
9:00 Loom
11:18 Feudal Age
12:37 Double-Bit Axe
17:04 Castle Age
16:24 Horse Collar
16:35 Gold Mining
16:39 Stone Mining
22:04 Bow Saw
27:38 Sanctity
28:29 Wheelbarrow
28:23 Clerical Recruitment
29:38 Heavy Plow
32:12 Gambesons
32:27 Squires
31:48 Man-at-Arms
32:42 Forging
32:32 Scale Mail Armor
32:23 Fletching
36:11 Imperial Age
34:13 Long Swordsman
34:38 Arson
35:41 Chain Mail Armor
36:01 Iron Casting
35:21 Bodkin Arrow
35:41 Masonry
35:55 Town Watch
36:30 Padded Archer Armor
36:14 Two-Handed Swordsman
36:15 Elite Varangian Guard
37:21 Conscription
37:31 Block Printing
37:19 Champion
38:36 Redemption
38:34 Capped Ram
40:27 Hoardings
39:44 Pikeman
40:58 Halberdier
41:01 Shield Wall
45:34 Chemistry
44:40 Siege Engineers
45:15 Plate Mail Armor
47:08 Gold Mining
47:36 Hand Cart
47:45 Elite Hearth Troop
50:33 Architecture
50:35 Caravan
52:43 Arrowslits
64:15 Bracer
Higgspiggs
7:23 Loom
10:10 Feudal Age
11:31 Double-Bit Axe
13:53 Horse Collar
19:42 Castle Age
19:36 Wheelbarrow
18:47 Town Watch
20:19 Fletching
20:36 Scale Barding Armor
20:41 Forging
24:00 Bow Saw
25:58 Pikeman
30:35 Fervor
32:32 Hand Cart
32:17 Town Patrol
33:32 Medium Warships
37:31 Imperial Age
36:27 Heavy Plow
36:18 Gold Mining
36:23 Stone Mining
37:02 Bloodlines
36:52 Husbandry
37:54 Elite Jarl
39:43 Conscription
40:45 Iron Casting
43:46 Elite Skirmisher
44:50 Ballistics
45:38 Chain Barding Armor
47:05 Two-Man Saw
46:06 Bodkin Arrow
47:15 Blast Furnace
47:10 Light Cavalry
47:57 Onager
49:13 Bracer
49:49 Plate Barding Armor
49:20 Hussar
51:19 Chemistry
50:35 Gothikon
50:49 Elite Varangian Guard
51:35 Capped Ram
53:06 Heavy Scorpion
54:42 Squires
54:27 Arson
55:28 Capped Ram
56:52 Padded Archer Armor
56:53 Scale Mail Armor
56:36 Elite Longship
57:22 Caravan
57:20 Cavalier
57:28 Vendel Legacy
59:20 Siege Ram
60:31 Chain Mail Armor
60:31 Leather Archer Armor
Connection lost

Rejoining the realm…

Still unreachable

The connection could not be restored.

Session expired

The server has moved on; the page needs a fresh start.